 Dungeon Crawl Stone Soup version 0.31.0-1-g2c135a008e (webtiles) character file.

Game seed: 17830959038096688099

124 qw the Shooter (level 5, -1/40 HPs)
             Began as a Djinni Hunter on Jan 23, 2024.
             Slain by an orc priest
             ... wielding a +0 dagger
              (3 damage)
             ... on level 3 of the Dungeon.
             The game lasted 00:00:05 (1380 turns).

qw the Shooter (Djinni Hunter)                      Turns: 1380, Time: 00:00:05

Health: -1/40      AC:  5    Str: 10    XL:     5   Next: 30%
Gold:   120        EV: 13    Int: 10    God:
                   SH:  0    Dex: 19

rFire   + + .        a - +1 shortbow
rCold   x . .        (shield currently unavailable)
rNeg    . . .        c - +0 leather armour
rPois   inf          (no helmet)
rElec   .            (no cloak)
rCorr   .            f - +1 pair of gloves
SInv    .            (boots unavailable)
Will    .....        (no amulet)
Stlth   ++           (no ring)
HPRegen 0.26/turn    (no ring)
MPRegen 0.00/turn

%: infuse magic (-2 HP)
@: flying
A: sickness immunity, fire resistance 2, cold vulnerability 1, float, innate
caster, HP casting, extra vitality 1, fangs 1, subdued magic 1, inability to
drink after injury 1, MP-powered wands
a: no special abilities


You were on level 3 of the Dungeon.
You visited 1 branch of the dungeon, and saw 3 of its levels.

You collected 120 gold pieces.


Innate Abilities, Weirdness & Mutations

You are immune to sickness and miasma.
You are immune to poison.
Your flesh is very heat resistant. (rF++)
You are vulnerable to cold. (rC-)
You float through the air rather than walking.
You learn spells naturally, not from books.
Your magical power is your life essence.
You have superior vitality. (+4 MHP)
You have very sharp teeth.
Your spells are a little easier to cast, but a little less powerful.
You occasionally lose the ability to drink potions when taking damage.
You expend health (3 HP) to strengthen your wands.


   Skills:
 - Level 3.0 Fighting
 + Level 4.4 Ranged Weapons
 - Level 3.2 Dodging
 - Level 0.7 Stealth


You knew the following spells:

 Your Spells              Type           Power      Damage    Failure   Level
a - Foxfire               Conj/Fire      0%         2x1d4     41%         1
b - Blink                 Tloc           0%         N/A       56%         2
Your spell library was empty.

Inventory:

Hand Weapons
 a - a +1 shortbow (weapon)
Armour
 c - a +0 leather armour (worn)
 f - a +1 pair of gloves (worn)
Potions
 e - a potion of haste {unknown}
 i - a potion of might {unknown}
 j - a potion of brilliance {unknown}

Dungeon Overview and Level Annotations

Branches:
Dungeon (3/15)

Altars:


Message History

The orc priest hits you with a +0 dagger.
You shoot an arrow. The arrow hits the orc priest.
The orc priest is lightly wounded.
Something hits you.
The orc priest hits you with a +0 dagger.
You shoot an arrow. The arrow barely misses the orc priest.
The arrow closely misses the orc.
The orc priest closely misses you.
You hear some strange, mumbled words.
Something tries to affect you, but you resist.
You shoot an arrow. The arrow barely misses the orc priest.
The arrow hits the orc.
The orc is severely wounded.
Something hits you but does no damage.
The orc priest calls down the wrath of Beogh upon you.
Beogh smites you!
You shoot an arrow. The arrow hits the orc priest.
The orc priest is heavily wounded.
Something hits you but does no damage.
The orc priest hits you but does no damage.
The orc priest calls upon Beogh to heal the orc.
The orc's wounds heal themselves!
Something hits you but does no damage.
You shoot an arrow. The arrow hits the orc priest.
The orc priest is heavily wounded.
The orc priest closely misses you. Something barely misses you.
You shoot an arrow. The arrow barely misses the orc priest.
The arrow hits the orc but does no damage.
Something hits you. The orc priest misses you.
You shoot an arrow. The arrow hits the orc priest!
The orc priest is almost dead.
Something hits you.
The orc priest hits you with a +0 dagger.
You shoot an arrow.
The arrow hits the orc priest but does no damage.
The orc priest is almost dead.
Something hits you.
The orc priest hits you but does no damage.
Something hits you.
The orc priest hits you with a +0 dagger.
You die...

####[#
#.# #.#
#.# #.#
#.#
###.####
#......#
#@{.##.#
#o### #
#o# #.#
#....oo..
####.###o
.. ..# ..


You could see an orc priest and an orc.

Vanquished Creatures
  A bombardier beetle (D:3)
  Natasha (D:2)
  An adder (D:2)
  A ribbon worm (D:2)
  2 orcs (D:3)
  5 bats
  6 endoplasms
  2 giant cockroaches (D:1)
  5 goblins
  3 hobgoblins
  A jackal (D:2)
  8 kobolds
  6 ball pythons
  A frilled lizard (D:1)
  6 rats
49 creatures vanquished.

Notes
Turn   | Place    | Note
-------+----------+-------------------------------------------
     0 | D:1      | qw the Djinni Hunter began the quest for the Orb.
     0 | D:1      | Reached XP level 1. HP: 18/18 MP: 0/0
     0 | D:1      | 0 ||| qw: Version: 0.3-a-134-g2ba4250
     0 | D:1      | 0 ||| qw: Game counter: 682
     0 | D:1      | 0 ||| qw: Melee chars always use a shield: true
     0 | D:1      | 0 ||| qw: God list: Okawaru
     0 | D:1      | 0 ||| qw: Allow faded altars: false
     0 | D:1      | 0 ||| qw: Do Orc after clearing Dungeon:15 true
     0 | D:1      | 0 ||| qw: Do second Lair branch before Depths: true
     0 | D:1      | 0 ||| qw: Lair rune preference: random
     0 | D:1      | 0 ||| qw: Goals: Normal
     0 | D:1      | 0 ||| PLANNING D:1-11
   119 | D:1      | Reached XP level 2. HP: 23/23 MP: 0/0
   343 | D:1      | Reached XP level 3. HP: 28/28 MP: 0/0
   343 | D:1      | Learned a level 1 spell: Foxfire
   356 | D:1      | Reached skill level 4 in Ranged Weapons
   650 | D:1      | 650 ||| UPGRADING to +0 pair of gloves.
   655 | D:1      | 655 ||| READING scroll labelled FULLO FYHUGH.
   655 | D:1      | 655 ||| ENCHANTING +0 shortbow.
   656 | D:1      | 656 ||| READING scroll labelled MAM WYNYWUICK.
   656 | D:1      | 656 ||| IDENTIFYING lumpy black potion
   657 | D:1      | 657 ||| DRINKING potion of mutation.
   657 | D:1      | Gained mutation: You occasionally lose the ability to drink
                  | potions when taking damage. [potion of mutation]
   657 | D:1      | Gained mutation: Your spells are a little easier to cast,
                  | but a little less powerful. [potion of mutation]
   657 | D:1      | Gained mutation: You expend health (3 HP) to strengthen
                  | your wands. [potion of mutation]
   657 | D:1      | Gained mutation: You have very sharp teeth. [potion of
                  | mutation]
   658 | D:1      | 658 ||| READING scroll labelled JATIBY USUCI.
   659 | D:1      | 659 ||| DROPPING scroll of butterflies.
   860 | D:2      | 860 ||| FLEEEEING.
   892 | D:2      | Reached XP level 4. HP: 34/34 MP: 0/0
   949 | D:2      | Reached skill level 3 in Fighting
   984 | D:2      | Found a faded altar of an unknown god.
  1122 | D:2      | Noticed Natasha
  1128 | D:2      | Killed Natasha
  1129 | D:2      | Reached skill level 3 in Dodging
  1287 | D:2      | 1287 ||| READING scroll labelled FUCWU BYMYOR.
  1288 | D:2      | 1288 ||| READING scroll labelled RIFFIF ZAU.
  1288 | D:2      | 1288 ||| ENCHANTING +0 pair of gloves.
  1289 | D:2      | 1289 ||| READING scroll labelled OQITZA AXU.
  1302 | D:3      | 1302 ||| STAIRDANCE
  1321 | D:3      | Reached XP level 5. HP: 40/40 MP: 0/0
  1321 | D:3      | Learned a level 2 spell: Blink
  1361 | D:3      | 1361 ||| FLEEEEING.
  1365 | D:3      | 1365 ||| FLEEEEING.
  1366 | D:3      | 1366 ||| FLEEEEING.
  1375 | D:3      | HP: 8/40 [orc priest/divine providence (10)]
  1379 | D:3      | HP: 3/40 [orc priest/+0 dagger (2)]
  1380 | D:3      | Slain by an orc priest

Levels and vault maps discovered:
D:1:      mushboom_english_gardens, layout_loops_ring
D:2:      layout_basic, shapermc_ecumenical_altar_mp_ritualfount, minmay_cupped,
          uniq_natasha
D:3:      layout_loops_cross

Skill      XL: |  1  2  3  4 |
---------------+-------------+-----
Ranged Weapons | 4 |  4.4
Fighting       | 3 |  3.0
Dodging        | 3 |  3.2
Stealth        | |  0.7

Action                     |  1- 3 |  4- 6 || total
---------------------------+-------+-------++-------
   Fire: Shortbow          |    63 |    52 ||   115
    Use: Scroll            |     3 |     3 ||     6
         Potion            |     1 |       ||     1
 Armour: Leather armour    |    13 |    26 ||    39
  Dodge: Dodged            |    11 |    15 ||    26

Table legend:
 A = Non-vault XP
 B = Vault XP
 C = Vault XP percentage of total XP
 D = Non-vault monster count
 E = Vault monster count
 F = Vault count percentage of total count
                 A         B        C        D         E       F
            +---------+---------+-------+---------+---------+-------
      Total |     120 |      58 |  32.6 |      44 |       5 |  10.2
            +---------+---------+-------+---------+---------+-------
        D:1 |      33 |       0 |   0.0 |      20 |       0 |   0.0
        D:2 |      32 |      58 |  64.4 |      20 |       5 |  20.0
        D:3 |      55 |       0 |   0.0 |       4 |       0 |   0.0
            +---------+---------+-------+---------+---------+-------
